 Dungeon Crawl Stone Soup version 0.27-a0-512-g57cc695410 (webtiles) character file.

Game seed: 2881475894263455096

331 kae the Chopper (level 6, -5/85 HPs)
             Began as a Hill Orc Fighter on Mar 3, 2021.
             Killed by divine providence
             ... invoked by an orc priest
              (14 damage)
             ... on level 4 of the Dungeon.
             The game lasted 00:01:43 (2989 turns).

kae the Chopper (Hill Orc Fighter)                  Turns: 2989, Time: 00:01:44

Health: -5/85      AC: 23    Str: 23    XL:     6   Next: 51%
Magic:  6/6        EV:  2    Int:  8    God:
Gold:   144        SH:  9    Dex: 10    Spells: 5/5 levels left

rFire    . . .     SeeInvis .   a - +1 war axe
rCold    . . .     Faith    .   c - +0 kite shield
rNeg     + + +     Spirit   .   (armour currently unavailable)
rPois    +         Reflect  .   (helmet currently unavailable)
rElec    .         Harm     .   (cloak currently unavailable)
rCorr    .         Rampage  .   (gloves currently unavailable)
Will     .....     NoTele   +   (boots currently unavailable)
Stlth    +.........             j - amulet of magic regeneration
HPRegen  0.24/turn              (no ring)
MPRegen  0.35/turn              (no ring)

@: tree-form, attractive
A: strong 1
a: Convert to Beogh


You were on level 4 of the Dungeon.
You were a tree.
You visited 1 branch of the dungeon, and saw 4 of its levels.

You collected 144 gold pieces.

Inventory:

Hand Weapons
 a - a +1 war axe (weapon)
Armour
 b - a +1 scale mail (melded)
 c - a +0 kite shield (worn)
Jewellery
 j - an amulet of magic regeneration (around neck)
Scrolls
 f - 2 scrolls of identify
 g - a scroll of teleportation
 i - a scroll of fear
 l - a scroll of blinking
 r - a scroll of immolation
Potions
 d - a potion of might
 e - a potion of curing
 k - a potion of lignification
 m - a potion of attraction
 n - a potion of resistance {unknown}


   Skills:
 + Level 5.7 Fighting
 * Level 7.3 Axes
 - Level 3.2 Armour
 - Level 3.2 Shields


You had 5 spell levels left.
You didn't know any spells.
Your spell library was empty.

Dungeon Overview and Level Annotations

Branches:
Dungeon (4/15)
 Temple: D:4-7

Altars:
Fedhas
Yredelemnul

Annotations:
D:2 1 runed translucent door


Innate Abilities, Weirdness & Mutations

((Your flesh is cold resistant. (rC+)))
Your muscles are strong. (Str +2)


Message History

An orc comes into view. It is wielding a +0 flail.
The orc shouts!
The orc priest calls down the wrath of Beogh upon you.
Beogh smites you!
* * * LOW HITPOINT WARNING * * *
You slash the orc priest!
The orc priest is almost dead.
An orc comes into view. It is wielding a +0 flail.
You block the orc priest's attack.
It was a potion of mutation.
You feel extremely strange.
You feel stronger.
You feel yourself wasting away.
You feel healthier.
You feel resistant to cold. The orc barely misses you.
The orc priest shouts, "Surrender to Beogh and we'll let you live!"
You block the orc priest's attack.
It was a potion of lignification.
You turn into a tree.
Your +1 scale mail melds into your body.
Your roots penetrate the ground.
The orc priest hits you but does no damage.
It was a potion of attraction.
You feel attractive to monsters. You block the orc's attack.
The orc priest calls down the wrath of Beogh upon you.
Beogh smites you!
* * * LOW HITPOINT WARNING * * *
The orc is pulled toward you! x2
You hit the orc priest.
The orc priest is almost dead.
You barely miss the orc.
The orc priest shouts, "Beogh is our master!
Accept the truth or die!"
You hit the orc. The orc hits you but does no damage.
The orc priest shouts, "Surrender to Beogh and we'll let you live!"
You block the orc priest's attack. The orc hits you but does no damage.
The orc priest threatens, "By the altar or by the axe, you will meet Beogh!"
You barely miss the orc priest.
The orc priest is almost dead.
You hit the orc. You hit the orc but do no damage. The orc barely misses you.
The orc priest calls down the wrath of Beogh upon you.
Beogh smites you!
You die...

## .# ## .# ). .## ###.
..###### #.. #.##...#
#.# #.##...# #.#
#.##..(########.####.###
†..'..........$.♣oo.....
#.##...#####....oo##.###
#..#...# #.######
##.#...# ...# #.....#
###.. ##.#### #.. #..#
)... ##.# .... #.##


You could see an orc priest and 3 orcs.

Vanquished Creatures
  A sky beast (D:3)
  An ogre (D:4)
  A hound (D:4)
  A worker ant (D:2)
  4 adders
  2 worms
  3 dart slugs
  2 leopard geckos
  3 orcs (D:2)
  3 giant cockroaches
  4 goblins
  6 hobgoblins
  2 jackals (D:3)
  7 kobolds
  A quokka (D:2)
  3 ball pythons
  6 bats
  A frilled lizard (D:2)
  A jackal zombie (D:2)
  6 rats
58 creatures vanquished.

Notes
Turn   | Place    | Note
-------+----------+-------------------------------------------
     0 | D:1      | kae the Hill Orc Fighter began the quest for the Orb.
     0 | D:1      | Reached XP level 1. HP: 19/19 MP: 1/1
   108 | D:1      | Reached skill level 3 in Axes
   260 | D:1      | Reached XP level 2. HP: 27/27 MP: 2/2
   964 | D:2      | Reached skill level 4 in Axes
   964 | D:2      | Reached XP level 3. HP: 22/33 MP: 3/3
  1185 | D:2      | Reached XP level 4. HP: 23/41 MP: 4/4
  1466 | D:2      | Reached skill level 5 in Axes
  1607 | D:2      | Found a runed translucent door.
  1607 | D:2      | Noticed a human
  1616 | D:2      | Found a basalt altar of Yredelemnul.
  2260 | D:3      | Found a blossoming altar of Fedhas.
  2379 | D:3      | Reached XP level 5. HP: 47/47 MP: 5/5
  2428 | D:3      | Noticed a sky beast
  2446 | D:3      | Killed a sky beast
  2447 | D:3      | Reached skill level 5 in Fighting
  2447 | D:3      | Reached skill level 6 in Axes
  2874 | D:4      | Noticed an ogre
  2881 | D:4      | Killed an ogre
  2882 | D:4      | Reached skill level 7 in Axes
  2882 | D:4      | Reached XP level 6. HP: 22/56 MP: 6/6
  2985 | D:4      | Gained mutation: Your muscles are strong. (Str +2) [potion
                  | of mutation]
  2985 | D:4      | Gained mutation: Your body sometimes deteriorates upon
                  | taking damage. [potion of mutation]
  2985 | D:4      | Lost mutation: Your body sometimes deteriorates upon taking
                  | damage. [potion of mutation]
  2985 | D:4      | Gained mutation: Your flesh is cold resistant. (rC+)
                  | [potion of mutation]
  2989 | D:4      | Killed from afar by an orc priest

Illustrated notes

Levels and vault maps discovered:
D:1:      dpeg_arrival_boxorama, layout_basic, serial_rivers,
          chequers_serial_rivers_marsh, chequers_serial_rivers_small_3,
          chequers_serial_rivers_room_b, chequers_serial_rivers_small_b
D:2:      layout_basic, dk_yredelemnul_ordeal
D:3:      layout_basic, fedhas_ov_isle_minmay
D:4:      layout_basic, gup_ossuary_entry_pyramid, serial_shops, shop_fountains,
          chequers_serial_rivers_large_a

Skill      XL: |  1  2  3  4  5 |
---------------+----------------+-----
Axes           | 3 4 5 7 |  7.3
Fighting       | 4 5 |  5.7
Armour         | |  3.2
Shields        | |  3.2

Action                   |  1- 3 |  4- 6 || total
-------------------------+-------+-------++-------
Melee: War axe           |    57 |   131 ||   188
  Use: Scroll            |       |     8 ||     8
       Potion            |       |     4 ||     4
Armor: Scale mail        |    26 |    53 ||    79
       Skin              |       |     3 ||     3
Dodge: Dodged            |    25 |    42 ||    67
Block: Kite shield       |    35 |    64 ||    99

Table legend: (Time is in decaauts)
 A = Elapsed time spent in this place.
 B = Non-inter-level travel time spent in this place.
 C = Inter-level travel time spent in this place.
 D = Time resting spent in this place.
 E = Time spent auto-exploring this place.
 F = Levels seen in this place.
 G = Mean time per level.
                   A        B        C        D        E       F      G
               +--------+--------+--------+--------+--------+-----+--------+
         Total |   3098 |   3033 |     65 |    547 |   1941 |   4 |  774.5 |
       Dungeon |   3098 |   3033 |     65 |    547 |   1941 |   4 |  774.5 |
               +--------+--------+--------+--------+--------+-----+--------+

Top non-repeatable levels by time:
     D:1: 1170 daAuts
     D:2: 940 daAuts
     D:3: 798 daAuts
     D:4: 188 daAuts
